 Dungeon Crawl Stone Soup version 0.26.1-11-gd32895ea62 (webtiles) character file.

Game seed: 7769613929935039452

10973 Tirrikindir the Carver (level 11, -6/72 HPs)
             Began as an Octopode Fighter on Apr 22, 2021.
             Was an Initiate of Gozag.
             Mangled by a troll (18 damage)
             ... on level 9 of the Dungeon.
             The game lasted 00:31:10 (12426 turns).

Tirrikindir the Carver (Octopode Fighter)          Turns: 12426, Time: 00:31:11

Health: -6/72      AC:  1    Str: 29    XL:     11   Next: 70%
Magic:  11/11      EV: 17    Int: 11    God:    Gozag
Gold:   544        SH: 13    Dex: 13    Spells: 10/10 levels left

rFire    . . .     SeeInvis +   a - +1 long sword
rCold    + . .     Faith    .   b - +1 kite shield
rNeg     . . .     Spirit   .   (helmet restricted)
rPois    .         Reflect  .   (no amulet)
rElec    .         Harm     .   p - +6 ring of strength
rCorr    .         Rampage  .   q - ring of see invisible
Will     .....                  i - ring of stealth
Stlth    ++++++....             e - ring of protection from cold
HPRegen  0.22/turn              g - +6 ring of strength
MPRegen  0.12/turn              (no ring)
                                (no ring)
                                (no ring)

@: hasted, very quick
A: almost no armour, stealthy swim, amphibious, 8 rings, constrict 8, camouflage
1, gelatinous body 1
a: Renounce Religion, Potion Petition, Call Merchant, Bribe Branch


You were on level 9 of the Dungeon.
You worshipped Gozag.
Gozag was pleased with you.
You visited 2 branches of the dungeon, and saw 10 of its levels.
You also visited: Ossuary and Bailey.

You collected 1339 gold pieces.
You spent 702 gold pieces at shops.
You paid 93 gold pieces to Gozag.

Inventory:

Hand Weapons
 a - a +1 long sword (weapon)
 u - the +4 short sword "Ahauf" {speed, +Inv rF+}
   (You found it on level 5 of the Dungeon)

   Attacks with this weapon are significantly faster.
   It protects you from fire.
   It lets you turn invisible.
Missiles
 s - 4 boomerangs (quivered)
Armour
 b - a +1 kite shield (worn)
Jewellery
 e - a ring of protection from cold (on tentacle)
 g - a +6 ring of strength (on tentacle)
 i - a ring of stealth (on tentacle)
 l - an uncursed amulet of magic regeneration
 p - a +6 ring of strength (left tentacle)
 q - a ring of see invisible (right tentacle)
Wands
 m - a wand of polymorph (8)
 o - a wand of digging (1)
 v - a wand of flame (9)
Scrolls
 c - a scroll of blinking
 d - 3 scrolls of teleportation
 n - 4 scrolls of identify
 r - 4 scrolls of remove curse
 t - a scroll of amnesia
 w - 3 scrolls of magic mapping
Potions
 f - 2 potions of lignification
 h - 4 potions of brilliance
 j - 3 potions of flight
 k - 6 potions of curing
 x - a potion of haste


   Skills:
 + Level 5.9 Fighting
 + Level 11.1 Long Blades
 * Level 9.2 Dodging
 + Level 9.0 Stealth
 * Level 9.1 Shields
 - Level 4.7 Evocations


You had 10 spell levels left.
You didn't know any spells.
Your spell library contained the following spells:

 Spells                   Type           Power        Failure   Level
 Magic Dart               Conj           0%           58%         1
 Blink                    Tloc           N/A          75%         2
 Call Imp                 Summ           0%           75%         2
 Slow                     Hex            0%           75%         2
 Conjure Flame            Conj/Fire      0%           92%         3
 Mephitic Cloud           Conj/Pois/Air  0%           92%         3


Dungeon Overview and Level Annotations

Branches:
Dungeon (9/15)             Temple (1/1) D:5         Ossuary (visited)
 Bailey (visited)
   Lair: D:8-11         Orc: D:9-12

Altars:
Ashenzari
Cheibriados
Dithmenos
Elyvilon
Fedhas
Gozag
Hepliaklqana
Kikubaaqudgha
Makhleb
Nemelex Xobeh
Qazlal
Ru
Sif Muna
Trog
Uskayaw
Vehumet
Wu Jian
Xom
Yredelemnul
Zin
The Shining One

Shops:
D:7 =


Innate Abilities, Weirdness & Mutations

You cannot wear most types of armour.
You are very stealthy in the water. (Stealth+)
You are amphibious.
You can wear up to eight rings at the same time.
You can use your tentacles to constrict eight enemies at once.
Your skin changes colour to match your surroundings (Stealth+).
Your rubbery body absorbs attacks. (AC +1, EV +1)


Message History

You closely miss the troll. You block the troll's attack.
The troll claws you. x2
You hit the troll but do no damage. You squeeze the troll.
The troll is lightly wounded.
The troll bites you! The troll claws you! You block the troll's attack.
You slash the troll!
The troll is heavily wounded.
You block the troll's attack. The troll claws you.
You block the troll's attack.
You slash the troll! You squeeze the troll.
The troll is almost dead.
The troll bites you!
* * * LOW HITPOINT WARNING * * *
The troll claws you!
* * * LOW HITPOINT WARNING * * *
You block the troll's attack.
You feel yourself speed up. The troll closely misses you.
You block the troll's attack. The troll barely misses you.
The troll bites you!!
You die...
Your body crumbles into a pile of gold.

...# #####...#
#..# ...#
.......(# #..#
#........
........# #..#
#........
........###..####.
#........
#............#
#........
#............#
#........
#.####..####.#
#........ #.# #..#
# #........ #@#
#..# # #T# #..# #
#.# #..# # #.# ..#
#.. ... ... ...#


You could see a troll.

Vanquished Creatures
  Harold (D:8)
  Pikel (D:6)
  An orc knight (Bailey)
  2 trolls
  Grinder (D:4)
  Prince Ribbit (D:5)
  Grum (D:8)
  Eustachio (D:4)
  Edmund (D:4)
  13 orc warriors
  2 sky beasts
  5 ogres
  2 centaurs
  3 wolves
  A big kobold (D:8)
  Blork the orc (D:4)
  5 bullfrogs
  A scorpion (D:4)
  3 killer bees (D:7)
  3 wights (D:7)
  An electric eel (D:8)
  2 howler monkeys (D:8)
  3 bullfrog zombies
  A jelly (D:9)
  3 hounds
  A centaur zombie (Ossuary)
  A quasit (D:5)
  Crazy Yiuf (D:5)
  3 orc priests
  Jessica (D:2)
  A centaur skeleton (D:6)
  Ijyb (D:3)
  A bullfrog skeleton (D:7)
  4 orc wizards
  5 worker ants
  4 killer bee zombies
  A hound zombie (Ossuary)
  16 mummies (Ossuary)
  3 worker ant zombies
  Robin (D:4)
  A howler monkey zombie (D:2)
  9 adders
  4 shadow imps
  2 white imps
  2 ufetubi
  2 oozes
  3 adder zombies
  3 adder skeletons
  A worm (D:4)
  2 dart slugs (D:1)
  5 leopard geckos
  30 orcs
  4 ball pythons
  10 bats
  4 giant cockroaches
  13 goblins
  11 hobgoblins
  4 jackals (D:7)
  11 kobolds
  6 quokkas
  4 frilled lizards
  A jackal zombie (Ossuary)
  A leopard gecko zombie (D:6)
  A quokka skeleton (D:5)
  6 rats
243 creatures vanquished.

Vanquished Creatures (others)
  10 withered plants (Ossuary)
10 creatures vanquished.

Grand Total: 253 creatures vanquished

Notes
Turn   | Place    | Note
-------+----------+-------------------------------------------
     0 | D:1      | Tirrikindir the Octopode Fighter began the quest for the
                  | Orb.
     0 | D:1      | Reached XP level 1. HP: 16/16 MP: 1/1
   231 | D:1      | Reached XP level 2. HP: 21/21 MP: 2/2
   269 | D:1      | Reached skill level 1 in Stealth
   599 | D:1      | Reached XP level 3. HP: 26/26 MP: 3/3
  1301 | D:2      | Reached skill level 3 in Long Blades
  1559 | D:2      | Reached XP level 4. HP: 31/31 MP: 4/4
  1600 | D:2      | Noticed Jessica
  1608 | D:2      | Killed Jessica
  2225 | D:3      | Found an ancient bone altar of Kikubaaqudgha.
  2347 | D:3      | Reached XP level 5. HP: 36/36 MP: 5/5
  2383 | D:3      | Noticed Ijyb
  2560 | D:3      | Killed Ijyb
  2664 | D:3      | Found a broken altar of Ashenzari.
  3115 | D:3      | Found a snail-covered altar of Cheibriados.
  3428 | D:4      | Noticed Edmund
  3439 | D:4      | Killed Edmund
  3440 | D:4      | Reached skill level 4 in Long Blades
  3440 | D:4      | Reached XP level 6. HP: 7/42 MP: 6/6
  3471 | D:4      | Noticed Eustachio
  3549 | D:4      | Killed Eustachio
  3604 | D:4      | Reached XP level 7. HP: 31/46 MP: 7/7
  3622 | D:4      | Noticed Blork the orc
  3627 | D:4      | Found a sand-covered staircase.
  3631 | Ossuary  | Entered an ossuary
  3657 | Ossuary  | Reached skill level 5 in Long Blades
  4095 | Ossuary  | Reached skill level 5 in Stealth
  4379 | Ossuary  | Reached XP level 8. HP: 40/52 MP: 8/8
  4423 | Ossuary  | Reached skill level 6 in Long Blades
  4423 | Ossuary  | Reached skill level 5 in Shields
  4566 | Ossuary  | Reached skill level 5 in Dodging
  4848 | D:4      | Killed Blork the orc
  5021 | D:4      | Noticed Robin
  5045 | D:4      | Killed Robin
  5361 | D:4      | Noticed Grinder
  5373 | D:4      | Killed Grinder
  5374 | D:4      | Reached skill level 7 in Long Blades
  5904 | D:5      | Entered Level 5 of the Dungeon
  6063 | D:5      | Noticed Prince Ribbit
  6077 | D:5      | Killed Prince Ribbit
  6078 | D:5      | Reached skill level 8 in Long Blades
  6236 | D:5      | Found a staircase to the Ecumenical Temple.
  6244 | Temple   | Entered the Ecumenical Temple
  6264 | Temple   | Became a worshipper of Gozag Ym Sagoz the Greedy
  6469 | D:5      | Got a steaming short sword
  6470 | D:5      | Identified the +4 short sword "Ahauf" {speed, +Inv rF+}
                  | (You found it on level 5 of the Dungeon)
  6705 | D:5      | Found a burning altar of Makhleb.
  6707 | D:5      | Found a glowing silver altar of Zin.
  6708 | D:5      | Noticed an angel
  6708 | D:5      | Noticed an Executioner
  6857 | D:5      | Reached skill level 9 in Long Blades
  6857 | D:5      | Reached XP level 9. HP: 56/56 MP: 9/9
  7092 | D:5      | Found a runed translucent door.
  7093 | D:5      | Noticed Crazy Yiuf
  7103 | D:5      | Killed Crazy Yiuf
  7225 | D:6      | Noticed a troll
  7240 | D:6      | Noticed Pikel
  7246 | D:6      | Killed a troll
  7272 | D:6      | Killed Pikel
  7273 | D:6      | Reached skill level 10 in Long Blades
  7273 | D:6      | Reached skill level 1 in Evocations
  7453 | D:6      | Found a radiant altar of Vehumet.
  8151 | D:6      | Found a sparkling altar of Nemelex Xobeh.
  8272 | D:7      | Found a flagged portal.
  8299 | Bailey   | Entered a bailey
  9074 | Bailey   | Reached XP level 10. HP: 22/63 MP: 10/10
  9089 | Bailey   | HP: 1/63 [orc warrior (6)]
  9417 | Bailey   | Reached skill level 5 in Fighting
  9417 | Bailey   | Reached XP level 11. HP: 72/72 MP: 11/11
  9418 | Bailey   | Noticed an orc knight
  9431 | Bailey   | Killed an orc knight
  9647 | D:7      | Found a bloodstained altar of Trog.
  9732 | D:7      | Found an ornate altar of the Wu Jian Council.
 10051 | D:7      | Found Veompesch's Jewellery Boutique.
 10093 | D:7      | Bought a +6 ring of strength for 702 gold pieces
 10734 | D:7      | Found a shimmering altar of Xom.
 10734 | D:7      | Found a stormy altar of Qazlal.
 10787 | D:8      | Noticed Harold
 10796 | D:8      | Reached skill level 11 in Long Blades
 10801 | D:8      | Killed Harold
 11047 | D:8      | Noticed Grum
 11611 | D:8      | Killed Grum
 12426 | D:9      | Mangled by a troll

Illustrated notes

Levels and vault maps discovered:
D:1:      sevenhm_arrival_forest_fort_large_1, layout_basic,
          minmay_tree_intersection, chequers_serial_rivers_large_b,
          kennysheep_boxes
D:2:      layout_loops_ring, uniq_jessica
D:3:      layout_basic, nicolae_overflow_hidden_temple, evilmike_ruin_ashenzari,
          lemuel_crystal_altar, okawaru_altar_gauntlet_db, serial_rivers,
          chequers_serial_rivers_room_b, chequers_serial_rivers_small_3,
          chequers_serial_rivers_room_b, chequers_serial_rivers_micro_b,
          chequers_serial_rivers_micro_e, uniq_ijyb
D:4:      layout_gridville, nicolae_ossuary_entry_plus, uniq_blork_the_orc,
          uniq_edmund, uniq_grinder, uniq_eustachio, uniq_robin
D:5:      layout_basic, grunt_temple_overflow_order_and_chaos_2,
          minmay_temple_entry_glassed_door, uniq_prince_ribbit1,
          uniq_crazy_yiuf_cottage
D:6:      layout_loops_ring, overflow_temple_1_default, basic_altar, uniq_pikel
D:7:      layout_rooms, kennysheep_little_box, lemuel_round_altar,
          amethyst_overflow_temple_binary, serial_shops, shop, enter_bailey_4,
          grunt_ministairs_10
D:8:      layout_basic, uniq_grum, uniq_harold
D:9:      layout_long_grid
Temple:   grunt_temple_mini_profane

Skill      XL: |  1  2  3  4  5  6  7  8  9 10 11 |
---------------+----------------------------------+-----
Stealth        | 1 2 3 4 5 6 8 9 |  9.0
Long Blades    | 3 4 5 9 10 11 | 11.1
Dodging        | 4 5 6 8 9 |  9.2
Shields        | 4 5 6 8 9 |  9.1
Evocations     | 2 4 |  4.7
Fighting       | 5 |  5.9

Action                   |  1- 3 |  4- 6 |  7- 9 | 10-12 || total
-------------------------+-------+-------+-------+-------++-------
Melee: Long sword        |    56 |    72 |   262 |   164 ||   554
       Tentacles         |    10 |    16 |    74 |    61 ||   161
       Constrict         |    15 |    20 |    62 |    52 ||   149
       Unarmed           |       |    17 |       |       ||    17
       Short sword       |       |       |     9 |       ||     9
Throw: Boomerang         |       |       |       |     3 ||     3
Evoke: Wand              |       |     1 |     3 |    11 ||    15
  Use: Scroll            |     7 |     4 |     7 |     7 ||    25
       Potion            |       |     5 |     7 |    11 ||    23
 Stab: Sleeping          |     9 |    11 |    15 |    11 ||    46
       Distracted        |       |       |     3 |       ||     3
Armor: Skin              |     2 |     3 |    29 |     1 ||    35
Dodge: Dodged            |    24 |    36 |   119 |    92 ||   271
Block: Kite shield       |    29 |    27 |   137 |   113 ||   306
       Rpst.: Long sword |     7 |     6 |    20 |    24 ||    57
